AoeStats
← Gim

QS Arena

503602232Analyzed
4v4 RM · 1mo ago on Sep 1, 2026· 37m 45s· 8 players
Game mode
Random Map
Map size
Large (8 player)
Population
200
Speed
Normal
Resources
Standard
Victory
Conquest
Starting age
Dark Age
Ending age
Imperial Age
RankedLock teamsTeams togetherTeam positionsShared explorationLock speedFull tech treeHidden civsTurbo modeCheats
Victory
Defeat
🇹🇼 Britons · Taiwan
1196
+13
🇨🇳 Saracens · China
1186
+13
🇹🇼 Byzantines · Taiwan
1159
+14
🇨🇳 Persians · China
1140
+15
1207
-18
🇸🇪 Vietnamese · Sweden
1134
-14
🇫🇷 Japanese · France
1081
-12
🇨🇳 Inca · China
1061
-11
hgsteven
7:09 Loom
8:55 Feudal Age
13:36 Castle Age
12:07 Double-Bit Axe
15:01 Wheelbarrow
15:27 Town Watch
21:30 Fletching
21:34 Horse Collar
23:02 Bodkin Arrow
26:14 Bow Saw
27:12 Gold Mining
27:42 Heavy Plow
32:31 Imperial Age
30:17 Padded Archer Armor
31:15 Hand Cart
31:56 Leather Archer Armor
32:32 Gold Shaft Mining
33:17 Ballistics
33:41 Bracer
34:55 Conscription
36:25 Chemistry
36:45 Yeomen
36:19 Pikeman
37:20 Halberdier
Gim
2:21 Loom
7:35 Feudal Age
11:15 Castle Age
10:06 Double-Bit Axe
19:43 Wheelbarrow
18:54 Loom
19:37 Town Watch
21:34 Horse Collar
27:04 Imperial Age
24:53 Hand Cart
24:48 Scale Mail Armor
24:55 Scale Barding Armor
26:17 Chain Barding Armor
26:29 Gold Mining
26:30 Stone Mining
27:08 Husbandry
27:09 Elite Mameluke
28:50 Gold Shaft Mining
28:44 Conscription
29:54 Heavy Plow
30:05 Bow Saw
30:39 Plate Barding Armor
30:15 Forging
30:48 Bloodlines
32:45 Two-Man Saw
32:52 Ballistics
33:32 Chemistry
32:38 Siege Engineers
32:59 Counterweights
33:09 Treadmill Crane
34:08 Iron Casting
36:04 Blast Furnace
36:55 Devotion
38:07 Hoardings
38:30 Bimaristan
chmchmchmchmchm
8:18 Feudal Age
12:09 Castle Age
10:04 Double-Bit Axe
10:16 Horse Collar
12:48 Bow Saw
14:06 Heavy Plow
14:34 Loom
21:56 Wheelbarrow
23:01 Gold Mining
23:01 Stone Mining
23:01 Gold Mining
23:01 Stone Mining
23:01 Gold Mining
24:33 Gold Shaft Mining
24:33 Stone Shaft Mining
24:34 Gold Shaft Mining
24:34 Stone Shaft Mining
24:46 Stone Shaft Mining
26:00 Hand Cart
25:30 Town Watch
26:00 Hand Cart
25:30 Town Watch
26:00 Hand Cart
25:30 Town Watch
28:59 Imperial Age
27:16 Forging
27:11 Scale Barding Armor
27:16 Forging
27:11 Scale Barding Armor
27:17 Forging
27:12 Scale Barding Armor
27:17 Forging
27:12 Scale Barding Armor
27:17 Forging
27:12 Scale Barding Armor
27:10 Husbandry
27:20 Bloodlines
27:10 Husbandry
27:14 Devotion
28:32 Iron Casting
29:28 Guilds
29:44 Chain Barding Armor
30:24 Conscription
30:59 Conscription
30:27 Elite War Elephant
32:09 Plate Barding Armor
32:34 Blast Furnace
32:10 Plate Barding Armor
32:35 Blast Furnace
32:10 Plate Barding Armor
32:35 Blast Furnace
31:27 Fletching
35:40 Faith
38:00 Crop Rotation
39:25 Two-Man Saw
MessiahOVO
8:00 Feudal Age
6:56 Loom
8:29 Double-Bit Axe
8:27 Horse Collar
17:59 Castle Age
16:28 Fletching
23:15 Imperial Age
21:17 Ballistics
21:07 Scale Barding Armor
22:57 Bow Saw
23:02 Heavy Plow
24:08 Forging
26:07 Chain Barding Armor
26:35 Cavalier
28:29 Wheelbarrow
28:30 Husbandry
29:11 Iron Casting
29:56 Plate Barding Armor
30:46 Hand Cart
32:46 Conscription
32:00 Paladin
34:32 Chemistry
33:44 Thumb Ring
33:36 Bodkin Arrow
34:36 Bracer
34:37 Padded Archer Armor
34:49 Gold Mining
yitxdiku
1:01 Loom
9:01 Feudal Age
13:35 Castle Age
11:31 Double-Bit Axe
11:33 Horse Collar
13:20 Wheelbarrow
14:26 Heavy Plow
14:40 Bow Saw
20:51 Gold Mining
23:16 Stone Mining
24:05 Gold Shaft Mining
24:37 Hand Cart
24:50 Town Watch
27:40 Imperial Age
25:01 Treadmill Crane
26:15 Masonry
26:52 Town Patrol
27:05 Fortified Wall
27:43 Stone Shaft Mining
28:08 Forging
27:58 Scale Mail Armor
27:51 Fletching
28:01 Padded Archer Armor
28:16 Andean Sling
29:33 Chemistry
28:53 Ballistics
28:00 Champi Runner
28:42 Squires
28:27 Arson
28:44 Champi Warrior
30:05 Guilds
30:30 Crop Rotation
29:33 Elite Kamayuk
30:37 Conscription
29:53 Elite Champi Warrior
31:11 Iron Casting
30:51 Chain Mail Armor
30:33 Bodkin Arrow
32:42 Block Printing
33:11 Theocracy
33:57 Blast Furnace
33:28 Plate Mail Armor
34:11 Siege Engineers
34:02 Murder Holes
34:57 Illumination
35:03 Illumination
35:35 Bracer
35:50 Leather Archer Armor
35:32 Pikeman
38:33 Ring Archer Armor
Lizard Bro
8:03 Feudal Age
12:08 Castle Age
10:35 Double-Bit Axe
10:35 Horse Collar
12:48 Gambesons
12:26 Man-at-Arms
18:12 Loom
タタールが村に入った5番
8:37 Feudal Age
12:15 Castle Age
10:44 Loom
12:02 Double-Bit Axe
12:22 Light Cavalry
15:02 Forging
16:57 Bow Saw
21:16 Wheelbarrow
[RbF] Stickly
7:51 Feudal Age
13:04 Castle Age
12:46 Wheelbarrow
12:20 Double-Bit Axe
14:36 Bow Saw
14:36 Horse Collar
15:11 Loom
15:46 Heavy Plow
21:06 Hand Cart
Connection lost

Rejoining the realm…

Still unreachable

The connection could not be restored.

Session expired

The server has moved on; the page needs a fresh start.